 Dungeon Crawl Stone Soup version 0.31-a0-538-gbc85326fa9 (webtiles) character file.

Game seed: 9432649310948997056

238 dialectric the Covered (level 5, -7/42 (47) HPs)
             Began as a Minotaur Fighter on Aug 13, 2023.
             Mangled by a wight
             ... wielding a +5 battleaxe
              (12 damage)
             ... on level 3 of the Dungeon.
             The game lasted 00:02:50 (3040 turns).

dialectric the Covered (Minotaur Fighter)           Turns: 3040, Time: 00:02:51

HP:   -7/42 (47)    AC:  8    Str: 20    XL:     5   Next: 78%
MP:   4/4           EV: 10    Int:  5    God:
Gold: 218           SH:  0    Dex: 12    Spells: 4/4 levels left

rFire   . . .        n - +2 dagger (venom)
rCold   . . .        (no shield)
rNeg    . . .        b - +0 scale mail
rPois   .            (helmet restricted)
rElec   .            (no cloak)
rCorr   .            (no gloves)
SInv    .            w - +0 pair of boots
Will    .....        (no amulet) Stlth
                     q - ring of flight
HPRegen 0.27/turn    (no ring)
MPRegen 0.09/turn

%: no passive effects
@: flying, hasted, heavily drained, very quick
A: horns 2, retaliatory headbutt
a: no special abilities


You were on level 3 of the Dungeon.
You visited 1 branch of the dungeon, and saw 4 of its levels.

You collected 218 gold pieces.

Inventory:

Hand Weapons
 a - a +0 long sword
 n - a +2 dagger of venom (weapon)
Missiles
 o - 6 poisoned darts
 y - 6 curare-tipped darts (quivered)
Armour
 b - a +0 scale mail (worn)
 c - a +0 buckler
 h - a +0 plate armour
 w - a +0 pair of boots (worn)
Jewellery
 q - a ring of flight (left hand)
 s - an amulet of magic regeneration
 t - a ring of ice
 z - a ring of wizardry
Wands
 u - a wand of flame (22)
Scrolls
 f - a scroll of teleportation {unknown}
 j - 2 scrolls of vulnerability {unknown}
 k - a scroll of amnesia {unknown}
 l - a scroll of blinking {unknown}
 r - a scroll of enchant armour {unknown}
 v - 2 scrolls of identify {unknown}
 x - a scroll of poison {unknown}
 A - a scroll of noise {unknown}
Potions
 d - a potion of might
 e - 2 potions of curing
 g - a potion of haste
 i - 2 potions of invisibility {unknown}
 m - a potion of enlightenment {unknown}
 p - 2 potions of heal wounds {unknown}


   Skills:
 + Level 4.5 Fighting
 + Level 0.2(2.6) Short Blades
 + Level 4.8 Long Blades
 + Level 5.2 Armour
 * Level 2.3 Dodging
 + Level 0.1 Stealth
 - Level 3.6 Shields


You had 4 spell levels left.
You didn't know any spells.
Your spell library contained the following spells:

 Spells                   Type           Power      Damage    Failure   Level
 Necrotise                Necr           0%         1d4       82%         1
 Sandblast                Erth           0%         2d4       82%         1
 Passwall                 Tmut/Erth      0%         N/A       91%         2
 Stone Arrow              Conj/Erth      0%         3d7       99%         3
 Vampiric Draining        Necr           0%         2d6       99%         3
 Agony                    Necr           0%         N/A       100%        5


Dungeon Overview and Level Annotations

Branches:
Dungeon (4/15)
 Temple: D:4-7

Altars:
Hepliaklqana

Shops:
D:1 (


Innate Abilities, Weirdness & Mutations

You have a pair of horns on your head.
You reflexively headbutt those who attack you in melee.


Message History

You hit the wight. You headbutt the wight.
The wight is moderately damaged.
You closely miss the wight.
The wight is moderately damaged.
The wight hits you with a +5 battleaxe.
You feel drained.
You hit the wight but do no damage. You headbutt the wight.
The wight is heavily damaged.
The wight closely misses you.
You hit the wight.
The wight is severely damaged.
The wight hits you with a +5 battleaxe!
You feel drained.
You hit the wight but do no damage.
The wight is severely damaged.
The wight closely misses you.
You hit the wight.
The wight is almost destroyed.
The wight hits you with a +5 battleaxe!
* * * LOW HITPOINT WARNING * * *
You feel drained.
* * * LOW HITPOINT WARNING * * *
Unknown command.
You hit the wight but do no damage. Your headbutt misses the wight.
The wight is severely damaged.
The wight misses you.
You hit the wight but do no damage.
You headbutt the wight, but do no damage.
The wight is severely damaged.
The wight hits you but does no damage.
Unknown command.
You hit the wight but do no damage.
The wight is severely damaged.
Unknown command.
The wight misses you.
It was a potion of curing.
You feel better. The wight hits you with a +5 battleaxe!
* * * LOW HITPOINT WARNING * * *
Unknown command.
It was a potion of haste.
You feel yourself speed up. The wight hits you with a +5 battleaxe!
You die...

##.#.......#
#......###.# #...#..#
#.# #......# #.#
#.#..#.# #.# #.#....#
#.# #......###.#
###.#...##.##
########.#...@z..#
#......#.#..###..#
#.####.#.#..# ##.####
#.#(.....#..# #>...#
#.##.#.#....# ####.#
####.##.#.#.##.#######.#
.....#)...#....#.......#
#########)######.#######
# #.....##.....#


You could see a wight.

Vanquished Creatures
  A scorpion (D:4)
  Natasha (thrice) (D:3)
  2 adders (D:2)
  A worm (D:2)
  2 dart slugs
  9 endoplasms
  8 giant cockroaches
  3 goblins (D:2)
  9 hobgoblins
  6 jackals
  8 ball pythons
  6 bats
  4 frilled lizards
  6 kobolds
  6 rats
74 creatures vanquished.

Notes
Turn   | Place    | Note
-------+----------+-------------------------------------------
     0 | D:1      | dialectric the Minotaur Fighter began the quest for the
                  | Orb.
     0 | D:1      | Reached XP level 1. HP: 19/19 MP: 0/0
   107 | D:1      | Reached XP level 2. HP: 19/27 MP: 1/1
   456 | D:1      | Reached skill level 1 in Dodging
   493 | D:1      | Found Maoshriwn's Weapon Shop.
   751 | D:1      | Reached skill level 4 in Armour
  1091 | D:2      | Reached XP level 3. HP: 33/33 MP: 2/2
  1544 | D:2      | HP: 1/33 [hobgoblin/+0 long sword (3)]
  1748 | D:2      | Reached XP level 4. HP: 40/40 MP: 3/3
  2193 | D:3      | Noticed Natasha
  2202 | D:3      | Killed Natasha
  2218 | D:3      | Noticed Natasha
  2222 | D:3      | Killed Natasha
  2270 | D:3      | Noticed Natasha
  2275 | D:3      | Killed Natasha
  2276 | D:3      | Reached skill level 5 in Armour
  2276 | D:3      | Reached XP level 5. HP: 47/47 MP: 4/4
  2862 | D:4      | Identified the +1 pair of gloves of Hoats {Will+ Stlth+}
  2876 | D:4      | Found a hazy altar of Hepliaklqana.
  3040 | D:3      | Mangled by a wight

Illustrated notes

Levels and vault maps discovered:
D:1:      arrival_zaba_pyramid, layout_basic, serial_shops, nicolae_square_shop,
          minmay_liquid_box, grunt_decor_arrowhead
D:2:      layout_loops_corners
D:3:      layout_basic, uniq_natasha
D:4:      layout_rooms, amcnicky_altar_gilded

Skill      XL: |  1  2  3  4  5 |
---------------+----------------+-----
Dodging        | 1 2 |  2.3
Fighting       | 4 |  4.5
Armour         | 4 5 |  5.2
Long Blades    | 3 4 |  4.8
Short Blades   | |  0.2
Stealth        | |  0.1
Shields        | |  3.6

Action                     |  1- 3 |  4- 6 || total
---------------------------+-------+-------++-------
  Melee: Long sword        |   100 |     6 ||   106
         Headbutt          |    14 |    14 ||    28
         Punch             |     1 |     1 ||     2
         Dagger            |       |    62 ||    62
    Use: Potion            |       |     2 ||     2
 Armour: Scale mail        |    49 |    23 ||    72
  Dodge: Dodged            |    55 |    39 ||    94

Table legend: (Time is in decaauts)
 A = Elapsed time spent in this place.
 B = Non-inter-level travel time spent in this place.
 C = Inter-level travel time spent in this place.
 D = Time resting spent in this place.
 E = Time spent auto-exploring this place.
 F = Levels seen in this place.
 G = Mean time per level.
                   A        B        C        D        E       F      G
               +--------+--------+--------+--------+--------+-----+--------+
         Total |   3065 |   2999 |     66 |      0 |   2497 |   4 |  766.2 |
       Dungeon |   3065 |   2999 |     66 |      0 |   2497 |   4 |  766.2 |
               +--------+--------+--------+--------+--------+-----+--------+

Top non-repeatable levels by time:
     D:1: 1000 daAuts
     D:2: 971 daAuts
     D:3: 748 daAuts
     D:4: 345 daAuts
